 Dungeon Crawl Stone Soup version 0.18-b1-22-ge198996 (webtiles) character file.

67 Chiseanne the Magician (level 4, 30/30 HPs)
             Began as a Demonspawn Wizard on May 4, 2016.
             Quit the game on level 3 of the Dungeon.
             The game lasted 00:03:07 (1642 turns).

Chiseanne the Magician (Demonspawn Wizard)          Turns: 1642, Time: 00:03:08

Health: 30/30      AC:  7    Str:  7    XL:     4   Next: 0%
Magic:  9/9        EV: 11    Int: 21    God:
Gold:   56         SH:  0    Dex: 11    Spells: 4 memorised, 2 levels left

rFire  . . .     SeeInvis .     e - +0 dagger
rCold  . . .     Gourm    .     i - +0 leather armour
rNeg   . . .     Faith    .     (no shield)
rPois  .         Spirit   .     b - +0 hat
rElec  .         Dismiss  .     (no cloak)
rCorr  .         Reflect  .     (no gloves)
SustAt .         Harm     .     (no boots)
MR     .....                    (no amulet)
Stlth  +.........               (no ring)
                                (no ring)

@: not resistant to hostile enchantments, very unstealthy
A: horns 1, iridescent scales 1, spiny 1
a: no special abilities


You were on level 3 of the Dungeon.
You were not hungry.

You visited 1 branch of the dungeon, and saw 3 of its levels.

You collected 56 gold pieces.

Inventory:

Hand Weapons
 e - a +0 dagger (weapon)
Missiles
 f - 24 stones (quivered)
 g - 29 arrows
 r - 39 bolts
 v - 23 sling bullets
Armour
 b - a +0 hat (worn)
 i - a +0 leather armour (worn)
Scrolls
 h - a scroll of enchant armour {unknown}
 j - a scroll of recharging {unknown}
 l - a scroll of identify {unknown}
 p - a scroll of random uselessness {unknown}
 x - a scroll of enchant weapon {unknown}
 y - 2 scrolls of remove curse {unknown}
Potions
 k - a potion of heal wounds {unknown}
 m - a potion of flight {unknown}
 n - a potion of berserk rage {unknown}
 o - a potion of cure mutation {unknown}
 q - 3 potions of degeneration {unknown}
 s - a potion of agility {unknown}
 u - 2 potions of curing {unknown}
Books
 c - a book of Minor Magic

   Spells                             Type                      Level
   a - Magic Dart                     Conjuration                  1
   b - Blink                          Translocation                2
   c - Call Imp                       Summoning                    2
   d - Repel Missiles                 Charms/Air                   2
   e - Slow                           Hexes                        2
   f - Conjure Flame                  Conjuration/Fire             3
   g - Mephitic Cloud                 Conjuration/Poison/Air       3
Comestibles
 d - 2 bread rations
 t - a meat ration
 w - a fruit


   Skills:
 * Level 1.0 Armour
 - Level 1.7 Dodging
 - Level 1.7 Stealth
 * Level 3.7 Spellcasting
 * Level 2.6 Conjurations
   Level 1.0 Summonings
 - Level 0.8 Translocations


You had 2 spell levels left.
You knew the following spells:

 Your Spells              Type           Power        Failure   Level  Hunger
a - Magic Dart            Conj           ##..         8%          1    None
b - Blink                 Tloc           N/A          21%         2    ##.....
c - Repel Missiles        Chrm/Air       #.....       34%         2    ##.....
d - Mephitic Cloud        Conj/Pois/Air  #.......     41%         3    ###....


Dungeon Overview and Level Annotations

Branches:
Dungeon (3/15)

Altars:


Innate Abilities, Weirdness & Mutations

You have a pair of small horns on your head.
You are partially covered in iridescent scales (AC +4).
You are partially covered in sharp spines.


Message History

Memorise Mephitic Cloud, consuming 3 spell levels and leaving 1?
You start memorising the spell.
You continue memorising. x3
You finish memorising.
Spell assigned to 'd'.
Okay, then.
(D) Dungeon
Where to? (Enter - D:2, ? - help)
There is a stone staircase leading down here.
You climb downwards.
A giant cockroach comes into view.
There is a stone staircase leading up here.
You hit the giant cockroach.
The giant cockroach is moderately wounded.
The giant cockroach is struck by your spines.
The giant cockroach bites you but does no damage.
You hit the giant cockroach.
You kill the giant cockroach!
You have reached level 4!
You feel clever.
Your demonic ancestry asserts itself...
A pair of horns grows on your head!
Are you sure you want to abandon this character and quit the game? (Confirm with "yes".)

.. #.###
....##
##...>###
.......
....#
#†.#
#.###@.##
#...<...#
##.##.#.#
# #.#.#
#.# # #..
###


There were no monsters in sight!

Vanquished Creatures
  2 adders (D:2)
  An ooze (D:1)
  2 dart slugs (D:1)
  A giant gecko (D:1)
  A ball python (D:2)
  2 giant cockroaches
  2 goblins (D:1)
  4 hobgoblins
  6 jackals (D:1)
  7 kobolds
  6 bats
  3 giant newts (D:1)
  3 rats
40 creatures vanquished.

Notes
Turn   | Place    | Note
--------------------------------------------------------------
     0 | D:1      | Chiseanne the Demonspawn Wizard began the quest for the Orb.
     0 | D:1      | Reached XP level 1. HP: 13/13 MP: 4/4
   284 | D:1      | Gained mutation: You are partially covered in iridescent scales (AC +4). [demonic ancestry]
   284 | D:1      | Reached XP level 2. HP: 19/19 MP: 1/6
   986 | D:1      | Gained mutation: You are partially covered in sharp spines. [demonic ancestry]
   986 | D:1      | Reached XP level 3. HP: 24/24 MP: 6/8
  1546 | D:2      | Reached skill level 1 in Armour
  1624 | D:2      | Learned a level 2 spell: Blink
  1627 | D:2      | Learned a level 2 spell: Repel Missiles
  1631 | D:2      | Learned a level 3 spell: Mephitic Cloud
  1641 | D:3      | Gained mutation: You have a pair of small horns on your head. [demonic ancestry]
  1641 | D:3      | Reached XP level 4. HP: 30/30 MP: 9/9
  1642 | D:3      | Quit the game

Skill      XL: |  1  2  3 |
---------------+----------+-----
Conjurations   | 2 |  2.6
Armour         | 1 |  1.0
Dodging        | |  1.7
Stealth        | |  1.7
Spellcasting   | |  3.7
Summonings     | |  1.0
Translocations | |  0.8

Action                   |  1- 3 |  4- 6 || total
-------------------------+-------+-------++-------
Melee: Unarmed           |    11 |       ||    11
       Dagger            |    80 |       ||    80
 Cast: Magic Dart        |    51 |       ||    51
  Eat: Chunk             |     2 |       ||     2
Armor: Robe              |    28 |       ||    28
       Leather armour    |    10 |       ||    10
Dodge: Dodged            |    59 |       ||    59
